 Dungeon Crawl Stone Soup version 0.30.1-11-g7821555f0a (webtiles) character file.

Game seed: 4053600012366265826

38 comborobin the Sneak (level 3, -11/31 HPs)
             Began as a Hill Orc Delver on Dec 24, 2023.
             Mangled by Menkaure (19 damage)
             ... on level 5 of the Dungeon.
             The game lasted 00:01:43 (390 turns).

comborobin the Sneak (Hill Orc Delver)               Turns: 390, Time: 00:01:45

Health: -11/31     AC:  3    Str: 16    XL:     3   Next: 43%
Magic:  3/3        EV: 11    Int: 10    God:
Gold:   0          SH:  0    Dex: 12    Spells: 2/2 levels left

rFire   . . .        a - +0 mace
rCold   . . .        (no shield)
rNeg    . . .        b - +0 leather armour
rPois   .            (no helmet)
rElec   .            (no cloak)
rCorr   .            (no gloves)
SInv    .            (no boots)
Will    .....        (no amulet)
Stlth   ++           (no ring)
HPRegen 0.25/turn    (no ring)
MPRegen 0.08/turn

%: no passive effects
@: no status effects
A: no striking features
a: no special abilities


You were on level 5 of the Dungeon.
You visited 2 branches of the dungeon, and saw 3 of its levels.

Inventory:

Hand Weapons
 a - a +0 mace (weapon)
Armour
 b - a +0 leather armour (worn)


   Skills:
 - Level 3.6 Fighting
 + Level 4.1 Maces & Flails
 - Level 1.5 Dodging
 - Level 4.1 Stealth


You had 2 spell levels left.
You didn't know any spells.
Your spell library was empty.

Dungeon Overview and Level Annotations

Branches:
Dungeon (6/15)             Temple (1/1) D:5

Altars:
Dithmenos
Elyvilon
Hepliaklqana
Kikubaaqudgha
Makhleb
Nemelex Xobeh
Okawaru
Qazlal
Ru
Sif Muna
Trog
Uskayaw
Vehumet
Wu Jian
Xom
Zin
The Shining One

Annotations:
D:5 Menkaure


Message History

Search for what [Enter for "."]? chei Can't find anything matching that.
Unknown command.
Unknown command.
You climb upwards.
There is a staircase to the Ecumenical Temple here.
There is a stone staircase leading down here.
An orc is nearby!
Menkaure, Prince of Dust comes into view.
Menkaure shouts!
You hear a shout! x2
An orc comes into view. It is wielding a +0 flail.
An orc wizard and a gnoll come into view.
The orc wizard casts a spell.
The orc wizard flickers and vanishes!
Deactivating autopickup; reactivate with Ctrl-A.
A gnoll comes into view. It is wielding a +0 flail. x2
A gnoll bouda comes into view. It is wielding a +0 whip.
The orc shouts!
The gnoll shouts! x2
The gnoll bouda barks out a call to the hunt!
The gnolls pick up the pace!
You hear a shout!
You aren't carrying any potions.
Okay, then.
As you read the scroll of fog, it crumbles to dust.
The scroll dissolves into smoke.
Menkaure mumbles some strange words.
Menkaure seems to speed up.
Menkaure casts a spell at you. Pain shoots through your body!
Menkaure attacks as you move away! Menkaure hits you.
You hit Menkaure.
Menkaure is moderately damaged.
Menkaure barely misses you.
You sock Menkaure!
Menkaure is heavily damaged.
Menkaure hits you. The gnoll hits you with a +0 flail!
* * * LOW HITPOINT WARNING * * *
Menkaure hits you!!
Ouch! That really hurt!
You die...

#.# #..#######.###..⌠8.
#.# #...## ##.## #.....
#.# #..#.###.## #.####
#s# #..##.#.## #..,,, #.#
#......#####*#..*** #.#
##.###.#§§.,,....,,
#.#####..g##§#§#####g.##*
#........g.§§§§§§§§ogg.g,
#######.@M##########.o##*
##........,,,,,,*
#########***,,,* *,,,***
*,,,,,, *,,**** *,,* *,,*
*,,*


You could see Menkaure (fast) and 2 gnolls.

Vanquished Creatures
  A hound (D:5)
  An adder (D:5)
2 creatures vanquished.

Notes
Turn   | Place    | Note
-------+----------+-------------------------------------------
     0 | D:5      | comborobin the Hill Orc Delver began the quest for the Orb.
     0 | D:5      | Reached XP level 1. HP: 19/19 MP: 1/1
     1 | D:6      | Noticed a jelly
     1 | D:6      | Noticed a centaur
    12 | D:5      | Noticed an orc priest
    33 | D:5      | Noticed a scorpion
    66 | D:5      | Noticed a hound
   131 | D:5      | Killed a hound
   132 | D:5      | Reached XP level 2. HP: 6/26 MP: 2/2
   132 | D:5      | Reached XP level 3. HP: 7/31 MP: 3/3
   250 | D:5      | Found a staircase to the Ecumenical Temple.
   321 | Temple   | Entered the Ecumenical Temple
   321 | Temple   | Found a transporter.
   321 | Temple   | Found a transporter.
   323 | Temple   | Found a transporter.
   323 | Temple   | Found a transporter.
   376 | D:5      | Noticed Menkaure
   390 | D:5      | Mangled by Menkaure

Illustrated notes

Levels and vault maps discovered:
D:5:      layout_loops_ring, minmay_temple_entry_drinking_statues,
          minmay_misc_feat_iff, minmay_tree_intersection, uniq_pikel,
          uniq_menkaure
D:6:      layout_basic, nicolae_evil_shop
Temple:   hellmonk_temple_divided_pantheon

Skill      XL: |  1  2  3 |
---------------+----------+-----
Maces & Flails | 3 4 |  4.1
Fighting       | |  3.6
Dodging        | |  1.5
Stealth        | |  4.1

Action                     || total
---------------------------++-------
  Melee: Mace              ||    19
  Evoke: Wand              ||     3
    Use: Scroll            ||     3
         Potion            ||     2
 Armour: Leather armour    ||     8
  Dodge: Dodged            ||    14
